 Seeded DCSS version 0.30.1-9-gdf580d7c3d (webtiles) character file.

Game seed: 5 (custom seed)

1246 Kazon the Trooper (level 8, -3/49 HPs)
             Began as a Gargoyle Fighter on Oct 12, 2023.
             Was an Initiate of the Shining One.
             Killed by divine providence
             ... invoked by an orc priest
              (8 damage)
             ... on level 6 of the Dungeon.
             The game lasted 00:19:52 (3652 turns).

Kazon the Trooper (Gargoyle Fighter)                Turns: 3652, Time: 00:19:53

Health: -3/49      AC: 33    Str: 22    XL:     8   Next: 50%
Magic:  0/19       EV:  6    Int:  9    God:    the Shining One [......]
Gold:   220        SH: 12    Dex: 15    Spells: 7/7 levels left

rFire   . . .        f - +0 hand axe (flame)
rCold   . . .        c - +0 buckler
rNeg    + . .        e - +15 Maxwell's patent armour {-Cast -Tele rElec Will+ rCorr}
rPois   ∞            i - +0 helmet
rElec   +            (no cloak)
rCorr   +            (no gloves)
SInv    .            (no boots)
Will    +....        D - amulet of guardian spirit Stlth
                     r - ring of magical power
HPRegen 0.28/turn    x - +6 ring of dexterity
MPRegen 0.16/turn

%: no teleportation, no spellcasting, guardian spirit
@: divinely shielded, glowing
A: sickness immunity, AC +5, negative energy resistance 1, electricity
resistance, torment resistance 1, petrification resistance
a: Renounce Religion


You were on level 6 of the Dungeon.
You worshipped the Shining One.
The Shining One was noncommittal.
You visited 2 branches of the dungeon, and saw 7 of its levels.

You collected 220 gold pieces.

Inventory:

Hand Weapons
 a - a +0 flail
 f - a +0 hand axe of flaming (weapon)
 w - the +2 sling "Qeuhanocyt" {speed, rElec Str-3 Dex+2}
   (You found it on level 3 of the Dungeon)

   Str:       It affects your strength (-3).
   Dex:       It affects your dexterity (+2).
   rElec:     It insulates you from electricity.
Missiles
 b - 18 stones (quivered)
 k - 3 boomerangs
Armour
 c - a +0 buckler (worn)
 e - the +15 Maxwell's patent armour (worn) {-Cast -Tele rElec Will+ rCorr}
   (You acquired it on level 1 of the Dungeon)

   rElec:     It insulates you from electricity.
   -Cast:     It prevents spellcasting.
   -Tele:     It prevents most forms of teleportation.
   rCorr:     It protects you from acid and corrosion.
   Will:      It increases your willpower.
 h - a +0 tower shield
 i - a +0 helmet (worn)
Jewellery
 r - a ring of magical power (left hand)
 x - a +6 ring of dexterity (right hand)
 D - an amulet of guardian spirit (around neck)
Wands
 A - a wand of paralysis (8)
Scrolls
 l - 2 scrolls of magic mapping {unknown}
 m - a scroll of summoning {unknown}
 n - 2 scrolls of identify {unknown}
 o - a scroll of teleportation
 p - a scroll of blinking {unknown}
 y - a scroll of amnesia {unknown}
 z - a scroll of fog {unknown}
 B - a scroll of torment {unknown}
 F - a scroll of poison {unknown}
Potions
 d - a potion of might
 g - a potion of resistance {unknown}
 j - a potion of curing
 s - a potion of berserk rage {unknown}
 t - 2 potions of invisibility {unknown}
 u - 4 potions of flight {unknown}
 v - 2 potions of heal wounds {unknown}
 C - a potion of lignification {unknown}
 E - a potion of attraction {unknown}


   Skills:
 + Level 5.0 Fighting
 + Level 3.0(4.2) Axes
 + Level 4.8(5.3) Maces & Flails
 + Level 2.7 Ranged Weapons
 + Level 2.3 Throwing
 + Level 4.3 Armour
 + Level 0.3 Dodging
 + Level 4.6 Shields
 * Level 3.3 Invocations
 * Level 2.2 Evocations


You had 7 spell levels left.
You didn't know any spells.
Your spell library contained the following spells:

 Spells                   Type           Power      Damage    Failure   Level
 Frozen Ramparts          Ice            0%         1d1       100%        3
 Ignite Poison            Fire/Tmut/Pois 0%         N/A       100%        3
 Ice Form                 Ice/Tmut       0%         N/A       100%        4
 Sticky Flame             Conj/Fire      0%         2d3       100%        4
 Summon Ice Beast         Ice/Summ       0%         N/A       100%        4
 Summon Forest            Summ/Tloc      0%         N/A       100%        5
 Eringya's Noxious Bog    Tmut/Pois      0%         N/A       100%        6
 Summon Hydra             Summ           0%         N/A       100%        7
 Ignition                 Fire           0%         3d3       100%        8


Dungeon Overview and Level Annotations

Branches:
Dungeon (6/15)             Temple (1/1) D:4

Altars:
Dithmenos
Fedhas
Hepliaklqana
Qazlal
Trog
Wu Jian
The Shining One


Innate Abilities, Weirdness & Mutations

You are immune to sickness and miasma.
Your stone body is resilient. (AC +5)
You are immune to poison.
You resist negative energy. (rN+)
You are resistant to electric shocks. (rElec)
You are resistant to unholy torment.
You are immune to petrification.


Message History

The orc priest calls down the wrath of Beogh upon you.
Beogh smites you!
* * * LOW HITPOINT WARNING * * *
Unknown command.
You feel better. You block the orc wizard's attack.
You barely miss the orc wizard.
The orc wizard is moderately wounded.
An orc wizard appears from thin air!
Reactivating autopickup.
You block the orc wizard's attack.
The orc wizard gestures wildly while chanting.
The orc wizard flickers and vanishes!
Deactivating autopickup; reactivate with Ctrl-A.
The orc priest invokes the aid of Beogh against you.
Beogh smites you! The Shining One protects you from harm!
You block the orc wizard's attack.
You hit the orc wizard but do no damage.
The orc wizard is moderately wounded.
The orc wizard hits you with a +0 dagger.
* * * LOW HITPOINT WARNING * * *
You slash the orc wizard! You burn the orc wizard.
The orc wizard is almost dead.
The orc wizard hits you but does no damage.
You hit the orc wizard. You burn the orc wizard.
You kill the orc wizard!
You hit the hound. You burn the hound.
The hound is heavily wounded.
The hound bites you but does no damage. x2
You hit the hound. You burn the hound.
The hound is severely wounded.
The hound bites you but does no damage. The hound bites you.
* * * LOW HITPOINT WARNING * * *
You slash the hound! You burn the hound.
You kill the hound!
You hit the orc priest. You burn the orc priest.
The orc priest is moderately wounded.
The orc priest mumbles some strange prayers to Beogh against you.
Beogh smites you!
You die...

#....# #....####
#.......#########
##....#...........
#.....#...........
#.#.#...#.........
#)#.###.#......... #.#.#
#.##.####### ^ #@#.#
#.##.#######
....###o#.###.##........
#..(.{......###.......
..o.............+.>.....
h##...(<...######.......
########## #.......
#....... #.......
#...)...


You could see an orc priest.

Vanquished Creatures
  Sigmund (D:4)
  Duvessa (D:6)
  2 black bears (D:4)
  An ogre (D:5)
  2 scorpions
  Dowan (D:6)
  4 hounds
  An orc priest (D:6)
  A jelly (D:5)
  5 iguanas
  An orc wizard (D:6)
  4 gnolls (D:5)
  9 adders
  2 ufetubi
  3 worms
  7 orcs
  4 bats
  9 endoplasms
  A giant cockroach (D:1)
  12 goblins
  7 hobgoblins
  11 jackals
  3 kobolds
  3 quokkas (D:4)
  6 ball pythons
  3 frilled lizards
  4 rats
108 creatures vanquished.

Notes
Turn   | Place    | Note
-------+----------+-------------------------------------------
     0 | D:1      | Kazon the Gargoyle Fighter began the quest for the Orb.
     0 | D:1      | Reached XP level 1. HP: 14/14 MP: 1/1
    51 | D:1      | Identified a scroll of acquirement
    51 | D:1      | Acquired the +15 Maxwell's patent armour {-Cast -Tele rElec
                  | Will+ rCorr}
    51 | D:1      | Found the +15 Maxwell's patent armour {-Cast -Tele rElec
                  | Will+ rCorr}
    76 | D:1      | Reached XP level 2. HP: 19/19 MP: 2/2
   369 | D:1      | Reached XP level 3. HP: 23/23 MP: 3/3
  1248 | D:2      | Reached XP level 4. HP: 24/28 MP: 4/4
  1823 | D:3      | Found a blossoming altar of Fedhas.
  1843 | D:3      | Reached skill level 1 in Throwing
  1872 | D:3      | Reached XP level 5. HP: 33/33 MP: 5/5
  1991 | D:3      | Found a stormy altar of Qazlal.
  2140 | D:3      | Found a faded altar of an unknown god.
  2188 | D:3      | Identified the +2 sling "Qeuhanocyt" {speed, rElec Str-3
                  | Dex+2}
  2248 | D:4      | Found a staircase to the Ecumenical Temple.
  2258 | Temple   | Entered the Ecumenical Temple
  2271 | Temple   | Became a worshipper of the Shining One
  2386 | D:4      | Noticed a black bear
  2410 | D:4      | Killed a black bear
  2411 | D:4      | Reached skill level 4 in Fighting
  2411 | D:4      | Reached skill level 1 in Invocations
  2411 | D:4      | Reached XP level 6. HP: 38/38 MP: 6/6
  2416 | D:4      | Found a hazy altar of Hepliaklqana.
  2417 | D:4      | Found a shadowy altar of Dithmenos.
  2417 | D:4      | Noticed a shadow
  2452 | D:4      | Noticed Sigmund
  2467 | D:4      | Killed Sigmund
  2531 | D:4      | Reached XP level 7. HP: 36/43 MP: 8/8
  2743 | D:4      | Reached skill level 1 in Ranged Weapons
  3009 | D:5      | Entered Level 5 of the Dungeon
  3017 | D:5      | Reached skill level 1 in Evocations
  3036 | D:5      | Reached skill level 1 in Axes
  3181 | D:5      | Reached XP level 8. HP: 36/48 MP: 10/10
  3441 | D:6      | Noticed Dowan
  3446 | D:6      | Noticed Duvessa
  3451 | D:6      | Killed Dowan
  3469 | D:6      | Killed Duvessa
  3610 | D:6      | Reached skill level 5 in Fighting
  3629 | D:6      | Reached * piety under the Shining One
  3643 | D:6      | HP: 1/49 [orc priest/divine providence (12)]
  3645 | D:6      | The Shining One protects you from harm!
  3652 | D:6      | Killed from afar by an orc priest

Illustrated notes

Levels and vault maps discovered:
D:1:      ebering_trefoil_3fold, layout_basic, st_stairs_14, serial_bayou_ford_a
D:2:      layout_basic, hangedman_decor_growths, minmay_close_crescents
D:3:      layout_rooms, mainiacjoe_overflow_concentric_impassable,
          mainiacjoe_overflow_paths, shapermc_ecumenical_altar_acropolis,
          chequers_serial_rivers_micro_b
D:4:      layout_basic, riverfiend_overflow_shadow_ancestor,
          minmay_temple_entry_glass, uniq_sigmund
D:5:      layout_gridville
D:6:      layout_basic, xom_teletrap_fun, uniq_duvessa
Temple:   nicolae_temple_elliptical

Skill      XL: |  1  2  3  4  5  6  7  8 |
---------------+-------------------------+-----
Shields        | 4 |  4.6
Maces & Flails | 3 4 |  4.8
Throwing       | 1 2 |  2.3
Fighting       | 4 5 |  5.0
Invocations    | 1 2 3 |  3.3
Armour         | 4 |  4.3
Ranged Weapons | 2 |  2.7
Evocations     | 1 2 |  2.2
Axes           | 2 3 |  3.0
Dodging        | |  0.3

Action                     |  1- 3 |  4- 6 |  7- 9 || total
---------------------------+-------+-------+-------++-------
  Melee: Flail             |   143 |   139 |       ||   282
         Hand axe          |       |    22 |   140 ||   162
   Fire: Sling             |       |    10 |    25 ||    35
  Throw: Stone             |       |       |    20 ||    20
         Dart              |       |       |     8 ||     8
 Invoke: Divine Shield     |       |       |     1 ||     1
    Use: Scroll            |     2 |     1 |       ||     3
         Potion            |     1 |       |     2 ||     3
 Armour: Scale mail        |    22 |       |       ||    22
         Plate armour      |    88 |   125 |   128 ||   341
  Dodge: Dodged            |    35 |    54 |    54 ||   143
  Block: Buckler           |    32 |    34 |    44 ||   110
